 Dungeon Crawl Stone Soup version 0.24-a0-769-g368c1644f8 (webtiles) character file.

Game seed: 13905687112756568407, levelgen mode: deterministic

257 Ponchio the Skirmisher (level 6, -8/60 HPs)
             Began as a Gargoyle Fighter on Oct 4, 2019.
             Mangled by an ogre
             ... wielding a +0 giant club
              (21 damage)
             ... on level 4 of the Dungeon.
             The game lasted 00:09:15 (3113 turns).

Ponchio the Skirmisher (Gargoyle Fighter)           Turns: 3113, Time: 00:09:16

Health: -8/60      AC: 10    Str: 25    XL:     6   Next: 16%
Magic:  6/6        EV:  8    Int:  8    God:
Gold:   161        SH:  9    Dex: 11    Spells: 5/5 levels left

rFire    . . .     SeeInvis .   a - +1 flail
rCold    . . .     Gourm    .   c - +0 shield
rNeg     + . .     Faith    .   e - +0 ring mail
rPois    ∞         Spirit   .   (no helmet)
rElec    +         Reflect  .   (no cloak)
rCorr    .         Harm     .   (no gloves)
MR       .....                  (no boots)
Stlth    ..........             (no amulet)
HPRegen  0.20/turn              h - ring of flight
MPRegen  0.10/turn              (no ring)

@: berserking, very quick
A: negative energy resistance 1, electricity resistance, unbreathing,
petrification resistance, rot immunity, AC +4
a: Evoke Flight


You were on level 4 of the Dungeon.
You were hungry.

You visited 1 branch of the dungeon, and saw 4 of its levels.

You collected 161 gold pieces.

Inventory:

Hand Weapons
 a - a +1 flail (weapon)
Armour
 c - a +0 shield (worn)
 e - a +0 ring mail (worn)
Jewellery
 h - a ring of flight (left hand)
Potions
 d - 2 potions of might
 i - a potion of berserk rage
 k - a potion of ambrosia {unknown}
 l - 2 potions of brilliance
 m - a potion of heal wounds {unknown}
Comestibles
 f - 3 rations


   Skills:
 + Level 5.2 Fighting
 + Level 4.7 Maces & Flails
 - Level 3.2 Armour
 - Level 0.8 Dodging
 - Level 0.2 Stealth
 - Level 3.2 Shields


You had 5 spell levels left.
You didn't know any spells.
Your spell library was empty.

Dungeon Overview and Level Annotations

Branches:
Dungeon (4/15)
 Temple: D:4-7

Altars:


Innate Abilities, Weirdness & Mutations

You are resistant to torment.
Your stone body is resilient. (AC +4)
You are immune to poison.
You resist negative energy. (rN+)
You are resistant to electric shocks. (rElec)
You can survive without breathing.
You are immune to petrification.
You are immune to rotting.


Message History

You destroy the hound skeleton!
You hit the ogre.
The ogre is lightly wounded.
You block the ogre's attack.
You sock the ogre!
The ogre is heavily wounded.
The ogre hits you with a +0 giant club!
You hit the ogre.
The ogre is severely wounded.
The ogre hits you with a +0 giant club!
* * * LOW HITPOINT WARNING * * *
Okay, then.
Things that are here:
a +0 club; a worker ant corpse; an orc corpse You see here a +0 flail.
There is a stone staircase leading up here.
A red film seems to cover your vision as you go berserk!
You feel yourself moving faster!
You feel mighty!
The ogre hits you with a +0 giant club!!
You die...

. ###...##...#.#.. ...
#.)........#.#..
...###+#)#..........#.#
.......).#.............
.........#....#.#..##.#
.........#....#.#...#.#
..###....#....#.##..#.#
. #....#..#.#.###.#.#
##.@O.#..#....##...#
#.....#..#..)......#
.....#.................
#...##....<..........>.
#.........#......##.#..
#.................##....
........####.#..........
......... #.#.........#
...... #+#.......###


You could see an ogre.

Vanquished Creatures
  A scorpion (D:4)
  2 orc priests (D:3)
  A worker ant (D:4)
  A hound skeleton (D:4)
  2 adders
  2 oozes
  A worm (D:2)
  5 dart slugs
  A leopard gecko (D:1)
  15 orcs
  2 ball pythons (D:3)
  4 giant cockroaches
  4 goblins
  3 hobgoblins
  2 jackals (D:2)
  7 bats
  4 frilled lizards (D:1)
  5 kobolds
  3 rats
65 creatures vanquished.

Notes
Turn   | Place    | Note
-------+----------+-------------------------------------------
     0 | D:1      | Ponchio the Gargoyle Fighter began the quest for the Orb.
     0 | D:1      | Reached XP level 1. HP: 14/14 MP: 1/1
    74 | D:1      | Reached XP level 2. HP: 20/20 MP: 2/2
   239 | D:1      | Reached skill level 4 in Fighting
   241 | D:1      | Reached XP level 3. HP: 24/24 MP: 3/3
   840 | D:2      | Reached XP level 4. HP: 30/30 MP: 4/4
  2401 | D:3      | Reached XP level 5. HP: 34/34 MP: 5/5
  2834 | D:4      | Reached skill level 5 in Fighting
  3082 | D:4      | Reached XP level 6. HP: 30/40 MP: 6/6
  3113 | D:4      | Mangled by an ogre

Levels and vault maps discovered:
D:1:      onia_arrival_pyramid, layout_rooms, serial_park_tiny_1
D:2:      layout_basic
D:3:      layout_loops_ring
D:4:      layout_basic, minmay_bisected, uniq_eustachio, uniq_duvessa,
          uniq_menkaure

Skill      XL: |  1  2  3  4  5 |
---------------+----------------+-----
Fighting       | 4 5 |  5.2
Maces & Flails | 3 4 |  4.7
Armour         | |  3.2
Dodging        | |  0.8
Stealth        | |  0.2
Shields        | |  3.2

Action                   |  1- 3 |  4- 6 || total
-------------------------+-------+-------++-------
Melee: Flail             |   121 |   124 ||   245
  Use: Scroll            |       |     5 ||     5
       Potion            |       |     1 ||     1
  Eat: Ration            |       |     2 ||     2
Armor: Scale mail        |    64 |    31 ||    95
       Ring mail         |       |    29 ||    29
Dodge: Dodged            |    39 |    50 ||    89
Block: Shield            |    73 |    48 ||   121

Table legend:
 A = Non-vault XP
 B = Vault XP
 C = Vault XP percentage of total XP
 D = Non-vault monster count
 E = Vault monster count
 F = Vault count percentage of total count
                 A         B        C        D         E       F
            +---------+---------+-------+---------+---------+-------
      Total |     350 |      18 |   4.9 |      64 |       1 |   1.5
            +---------+---------+-------+---------+---------+-------
        D:1 |      52 |       0 |   0.0 |      23 |       0 |   0.0
        D:2 |      43 |       0 |   0.0 |      14 |       0 |   0.0
        D:3 |     124 |       0 |   0.0 |      19 |       0 |   0.0
        D:4 |     131 |      18 |  12.1 |       8 |       1 |  11.1
            +---------+---------+-------+---------+---------+-------
